Map: Ruby Rock LE

Players

Fjant - Winner!

  • Race: Zerg Zerg
  • League: Grandmaster
  • Spawn Location: 11:00

HeroMarine

  • Race: Terran Terran
  • Spawn Location: 5:00

VOD

Have the link to the VOD?

Description

Time

  • Played on: Jan. 31, 2026, 6:35 a.m.
  • Length: 5:21
Show
View Real Time Build Order
Export as new Build Order

Fjant Zerg - Winner!

Build Orders: Hatch First 

Get SALT Encoding   

  12  0:00  Drone  
  13  0:08  Drone  
  14  0:17  Overlord  
  14  0:23  Extractor, Drone  
  15  0:37  Drone x2  
  17  0:52  Hatchery  
  17  0:55  Drone  
  17  0:59  Drone  
  18  1:09  Extractor  
  17  1:13  Spawning Pool  
  17  1:16  Drone  
  17  1:19  Drone  
  18  1:27  Drone  
  19  1:42  Hatchery  
  19  1:45  Drone  
  19  2:03  Queen  
  19  2:08  Metabolic Boost  
  21  2:15  Overlord  
  21  2:21  Queen  
  23  2:29  Zergling x4  
  25  2:30  Zergling x2  
  25  2:33  Drone  
  27  2:41  Zergling x2  
  27  2:52  Zergling x2  
  27  2:54  Queen  
  28  3:01  Queen  
  29  3:08  Zergling x2  
  29  3:12  Zergling x6  
  31  3:15  Zergling x2  
  31  3:17  Zergling x2  
  32  3:20  Drone  
  32  3:24  Zergling x2  
  32  3:25  Zergling x2  
  35  3:29  Zergling x2  
  36  3:34  Zergling x4  
  38  3:41  Drone  
  38  3:45  Drone  
  39  3:56  Zergling x4  
  39  3:59  Overlord  
  39  4:02  Zergling x4  
  41  4:05  Zergling x2  
  41  4:09  Zergling x2  
  40  4:13  Queen  
  40  4:18  Zergling x2  
  40  4:21  Zergling x8  
  40  4:24  Drone  
  43  4:30  Drone  
  44  4:35  Drone x2  
  46  4:42  Zergling x2  
  46  4:43  Drone  
  48  4:46  Drone  
  48  4:52  Zergling x2  
  48  4:55  Zergling x2  
Show
View Real Time Build Order
Export as new Build Order

HeroMarine Terran 

Build Orders:  

Get SALT Encoding   

  12  0:00  SCV  
  13  0:12  SCV  
  14  0:17  Supply Depot  
  14  0:24  SCV  
  15  0:38  SCV  
  15  0:40  Barracks  
  16  0:42  Refinery  
  16  0:50  SCV  
  17  1:03  SCV  
  18  1:15  SCV  
  19  1:27  Orbital Command  
  20  1:34  Marine  
  20  1:39  Supply Depot  
  20  1:43  Factory  
  20  1:52  Marine, SCV  
  22  2:05  SCV  
  23  2:09  Command Center  
  23  2:10  Marine  
  24  2:17  SCV  
  25  2:24  Supply Depot  
  25  2:27  Marine  
  25  2:29  SCV  
  29  2:30  Hellion  
  29  2:41  SCV  
  30  2:45  Marine  
  29  2:53  SCV  
  29  2:56  Starport, Hellion  
  29  3:05  SCV  
  30  3:07  Marine  
  31  3:17  SCV  
  31  3:19  Hellion  
  33  3:25  Marine  
  34  3:30  Orbital Command  
  35  3:34  SCV  
  35  3:41  Medivac  
  35  3:46  Barracks Reactor  
  35  3:47  Hellion  
  35  3:48  SCV  
  40  4:01  SCV x2  
  29  4:23  Marine x2  
  24  4:24  SCV x2  
  24  4:28  Factory Tech Lab  
  26  4:32  Refinery  
  26  4:36  SCV x2  
  28  4:55  Marine  
  28  4:58  SCV x2  
  28  4:59  Marine  
Tags
 
Add a new tag
Caveats
  • Supply blocks, unpowered buildings, or Contaminate may cause inaccurate times.
  • Supply counts are checked every 10 seconds.